 Dungeon Crawl Stone Soup version 0.21.0-3-g78d12a8 (webtiles) character file.

424 HEYYEYAAE the Digger (level 6, -7/48 HPs)
             Began as a Demigod Earth Elementalist on Jan 15, 2018.
             Mangled by Ymberto's ghost (13 damage)
             ... on level 3 of the Dungeon on Jan 16, 2018.
             The game lasted 00:22:22 (2353 turns).

HEYYEYAAE the Digger (Demigod Earth Elementalist)   Turns: 2353, Time: 00:22:23

Health: -7/48      AC:  5    Str: 17    XL:     6   Next: 36%
Magic:  14/14      EV: 13    Int: 23    God:
Gold:   143        SH:  0    Dex: 16    Spells: 10/11 levels left

rFire    . . .     SeeInvis .   (no weapon)
rCold    . . .     Gourm    .   (no shield)
rNeg     . . .     Faith    .   c - +0 robe
rPois    .         Spirit   .   (no helmet)
rElec    .         Reflect  .   (no cloak)
rCorr    .         Harm     .   (no gloves)
MR       .....                  u - +2 pair of boots
Stlth    ++........             l - amulet of magic regeneration
HPRegen  0.16/turn              j - +6 ring of strength
MPRegen  0.39/turn              (no ring)

@: no status effects
A: high mp 1
a: no special abilities


You were on level 3 of the Dungeon.
You were not hungry.

You visited 1 branch of the dungeon, and saw 5 of its levels.

You collected 143 gold pieces.

Inventory:

Armour
 c - a +0 robe (worn)
 u - a +2 pair of boots (worn)
Jewellery
 j - a +6 ring of strength (left hand)
 l - an amulet of magic regeneration (around neck)
Scrolls
 o - 2 scrolls of remove curse
 p - 3 scrolls of magic mapping {unknown}
 r - a scroll of immolation {unknown}
 s - a scroll of enchant weapon {unknown}
Potions
 f - a potion of cancellation {unknown}
 h - a potion of agility
 n - a potion of magic
 q - a potion of might {unknown}
Books
 e - a book of Geomancy

   Spells                             Type                      Level
   a - Sandblast                      Earth                        1
   b - Passwall                       Transmutation/Earth          2
   c - Stone Arrow                    Conjuration/Earth            3
   d - Petrify                        Transmutation/Earth          4
   e - Lee's Rapid Deconstruction     Earth                        5
Comestibles
 d - 9 rations


   Skills:
 + Level 1.9 Fighting
 + Level 1.8 Armour
 + Level 2.8 Dodging
 - Level 1.7 Stealth
 * Level 3.4 Spellcasting
   Level 0.8 Transmutations
 * Level 4.2 Earth Magic
   Level 1.4 Evocations


You had 10 spell levels left.
You knew the following spells:

 Your Spells              Type           Power        Failure   Level  Hunger
a - Sandblast             Erth           ###...       1%          1    None


Dungeon Overview and Level Annotations

Branches:
Dungeon (5/15)
 Temple: D:4-7

Annotations:
D:3 Ymberto's ghost, amateur MiFi


Innate Abilities, Weirdness & Mutations

You have an increased reservoir of magic. (+10% MP)


Message History

The gnoll is no longer moving quickly.
The gnoll misses you.
You hit the gnoll.
The gnoll is moderately wounded.
You hit the gnoll.
The gnoll is severely wounded.
The gnoll hits you with a whip!
* * * LOW HITPOINT WARNING * * *
You hit the gnoll.
The gnoll is severely wounded.
The gnoll completely misses you.
You closely miss the gnoll.
The gnoll is severely wounded.
Unknown command.
Your extra speed is starting to run out.
Ymberto's ghost turns its malevolent gaze towards you.
You feel yourself slow down. Ymberto's ghost misses you.
Ymberto's ghost hits you!
You die...

#........# #........# # #######
#........# # #.....# #........# #
#.....# #........### #####.....#
#..........# ..........#
###........#.#
####......###..........#g#
.....#..####..#.@..g...#.#
##...#..###..####W..####.#
...#........####....# #.#
..........#........## #.#
...##..........#########.#######
................#........#.....##
................................#
....#.#..#####...................
....#.#..#####...#...............


You could see Ymberto's ghost and a gnoll.

Vanquished Creatures
  An ogre (D:4)
  An orc priest (D:3)
  A hound (D:4)
  4 orc wizards (D:4)
  2 worker ants
  A hound skeleton (D:4)
  5 adders
  3 leopard geckos
  8 orcs
  A ball python (D:3)
  5 bats
  3 giant cockroaches (D:2)
  6 goblins
  6 hobgoblins
  2 jackals (D:1)
  2 quokkas
  5 frilled lizards
  6 kobolds
  9 rats
71 creatures vanquished.

Notes
Turn   | Place    | Note
-------+----------+-------------------------------------------
     0 | D:1      | HEYYEYAAE the Demigod Earth Elementalist began the quest for the Orb.
     0 | D:1      | Reached XP level 1. HP: 14/14 MP: 5/5
   183 | D:1      | Reached XP level 2. HP: 22/22 MP: 5/7
   386 | D:1      | Reached skill level 3 in Earth Magic
   721 | D:2      | Reached XP level 3. HP: 14/27 MP: 0/9
   846 | D:2      | Found a hide-covered altar of Uskayaw.
   846 | D:2      | Found a burning altar of Makhleb.
   849 | D:2      | Found a shadowy altar of Dithmenos.
   849 | D:2      | Found a sacrificial altar of Ru.
   890 | D:2      | Found a basalt altar of Yredelemnul.
  1039 | D:2      | Reached skill level 1 in Armour
  1109 | D:2      | Reached skill level 1 in Fighting
  1109 | D:2      | Reached XP level 4. HP: 35/35 MP: 8/10
  1116 | D:2      | Found a faded altar of an unknown god.
  1579 | D:3      | Noticed Ymberto's ghost (amateur MiFi)
  1812 | D:4      | Reached XP level 5. HP: 34/40 MP: 7/12
  1837 | D:4      | Reached skill level 1 in Evocations
  1845 | D:4      | Reached skill level 4 in Earth Magic
  1961 | D:5      | Entered Level 5 of the Dungeon
  2117 | D:4      | Reached XP level 6. HP: 48/48 MP: 11/13
  2353 | D:3      | Mangled by Ymberto's ghost

Skill      XL: |  1  2  3  4  5 |
---------------+----------------+-----
Spellcasting   | 2 3 |  3.4
Dodging        | 2 |  2.8
Earth Magic    | 3 4 |  4.2
Armour         | 1 |  1.8
Fighting       | 1 |  1.9
Evocations     | 1 |  1.4
Stealth        | |  1.7
Transmutations | |  0.8

Action                   |  1- 3 |  4- 6 || total
-------------------------+-------+-------++-------
Melee: Unarmed           |     5 |     4 ||     9
 Cast: Sandblast         |    58 |    70 ||   128
Evoke: Wand              |       |    12 ||    12
  Use: Scroll            |       |     4 ||     4
       Potion            |       |     3 ||     3
  Eat: Chunk             |     1 |     4 ||     5
Armor: Robe              |     6 |    13 ||    19
Dodge: Dodged            |    22 |    40 ||    62
